Map: El Dorado

Players

MacroMenace

  • Race: Protoss Protoss
  • League: Diamond
  • Spawn Location: 7:00

Inconel - Winner!

  • Race: Terran Terran
  • League: Diamond
  • Spawn Location: 5:00

VOD

Have the link to the VOD?

Description

Time

  • Played on: Feb. 13, 2025, 10:54 p.m.
  • Length: 21:02
Show
View Real Time Build Order
Export as new Build Order

MacroMenace Protoss 

Build Orders: 1 Gate Expand, Double Forge, Blink Stalkers 

Get SALT Encoding   

  12  0:02  Probe  
  14  0:14  Probe  
  14  0:18  Pylon  
  14  0:26  Probe  
  15  0:37  Gateway  
  15  0:39  Probe  
  16  0:51  Probe  
  17  1:03  Probe  
  18  1:15  Nexus  
  18  1:25  Cybernetics Core  
  18  1:29  Assimilator  
  18  1:33  Probe  
  19  1:46  Assimilator, Probe  
  20  1:58  Pylon, Probe  
  21  2:04  Adept  
  23  2:10  Warp Gate  
  23  2:16  Gateway, Probe  
  24  2:31  Probe x2  
  26  2:43  Probe x2  
  27  2:52  Probe x2  
  27  2:55  Twilight Council  
  29  3:00  Probe x2  
  31  3:10  Probe x2  
  31  3:12  Blink  
  33  3:23  Forge  
  33  3:24  Forge  
  33  3:27  Protoss Ground Weapons Level 1, Probe x2  
  35  3:34  Pylon  
  35  3:39  Probe x2  
  37  3:51  Probe  
  37  3:52  Probe  
  39  4:01  Stalker x2  
  43  4:06  Probe x2  
  45  4:18  Probe x2  
  45  4:21  Nexus  
  47  4:30  Stalker x2  
  51  4:36  Probe x2  
  53  4:40  Pylon  
  53  4:41  Pylon  
  53  4:46  Pylon  
  53  4:53  Probe  
  53  4:56  Pylon  
  53  4:58  Probe  
  55  5:00  Stalker x2  
  55  5:01  Protoss Ground Weapons Level 2  
  55  5:06  Probe  
  60  5:10  Probe  
  60  5:13  Gateway  
  59  5:14  Gateway  
  53  5:24  Stalker x2  
  53  5:27  Probe x2  
  54  5:39  Probe x3  
  57  5:51  Probe x3  
  60  6:01  Stalker  
  60  6:02  Stalker  
  60  6:03  Probe x2  
  60  6:04  Probe  
  67  6:16  Probe x3  
  68  6:19  Assimilator  
  68  6:21  Assimilator  
  68  6:25  Stalker x3  
  70  6:32  Probe x2  
  72  6:33  Probe  
  72  6:34  Stalker  
  75  6:45  Gateway  
  75  6:48  Gateway  
  75  6:49  Probe  
  75  6:50  Pylon, Probe x2  
  78  6:54  Pylon  
  78  7:12  Stalker x3  
  78  7:13  Stalker  
  78  7:14  Probe x3  
  86  7:32  Protoss Ground Weapons Level 3  
  86  7:38  Stalker  
  86  7:39  Stalker x3  
  86  7:42  Probe x3  
  97  7:48  Stalker x2  
  97  7:49  Assimilator  
  101  7:52  Assimilator  
  99  8:00  Nexus  
  99  8:02  Pylon  
  99  8:04  Probe x3  
  102  8:06  Stalker x2  
  104  8:29  Probe x3  
  107  8:35  Stalker x2  
  107  8:36  Stalker x3  
  107  8:41  Pylon  
  117  8:42  Pylon x2  
  117  8:47  Gateway x2  
  117  8:52  Probe x2  
  117  8:53  Probe  
  102  9:04  Stalker  
  102  9:05  Stalker x5  
  114  9:10  Gateway  
  114  9:11  Gateway  
  114  9:15  Probe x4  
  114  9:27  Probe x4  
  116  9:34  Stalker x3  
  116  9:35  Stalker x2  
  116  9:37  Stalker  
  126  9:47  Stalker x2  
  130  9:53  Probe x4  
  130  9:57  Assimilator  
  134  10:01  Assimilator  
  134  10:04  Stalker x3  
  134  10:05  Probe x4, Stalker  
  146  10:09  Stalker  
  148  10:14  Stalker  
  148  10:15  Stalker  
  148  10:19  Protoss Ground Armor Level 1  
  152  10:40  Pylon  
  152  10:41  Pylon  
  150  10:43  Pylon  
  150  10:44  Pylon  
  150  10:46  Nexus  
  150  10:49  Nexus  
  150  10:53  Pylon  
  150  10:55  Pylon  
  150  11:01  Stalker  
  150  11:02  Stalker  
  150  11:03  Stalker x6  
  150  11:04  Stalker x2  
  124  11:28  Stalker x5  
  124  11:29  Stalker x5  
  144  11:41  Probe x4  
  148  11:47  Gateway  
  148  11:50  Gateway x2  
  148  11:52  Gateway  
  148  11:55  Gateway  
  148  11:56  Gateway  
  148  11:59  Gateway x2  
  148  12:01  Stalker x2  
  148  12:03  Stalker x2  
  156  12:09  Protoss Ground Armor Level 2  
  156  12:10  Probe x5  
  156  12:11  Probe  
  162  12:19  Stalker x2  
  162  12:20  Stalker  
  162  12:21  Stalker  
  168  12:37  Stalker  
  168  12:38  Stalker x5  
  168  12:42  Stalker  
  168  12:43  Stalker  
  184  12:49  Stalker  
  184  12:50  Stalker x2  
  184  12:51  Stalker  
  184  13:01  Stalker  
  184  13:02  Stalker x4  
  182  13:16  Stalker x6  
  182  13:17  Stalker x2  
  196  13:22  Probe x4  
  140  13:45  Stalker x3  
  140  13:46  Stalker x5  
  140  13:47  Stalker x5  
  166  13:52  Probe x6  
  172  14:00  Stalker x4  
  172  14:01  Stalker  
  182  14:06  Protoss Ground Armor Level 3  
  182  14:16  Charge, Stalker x3  
  182  14:17  Stalker x2  
  186  14:21  Stalker x4  
  186  14:22  Stalker  
  186  14:23  Stalker  
  196  14:34  Probe x4  
  200  14:59  Pylon, Nexus  
  198  15:13  Nexus  
  176  15:14  Pylon  
  176  15:18  Zealot x3  
  176  15:19  Zealot x6  
  176  15:20  Zealot x4  
  194  15:22  Nexus  
  194  15:24  Pylon  
  194  15:28  Probe x3  
  175  15:44  Stalker x4  
  175  15:45  Stalker x7  
  175  15:46  Stalker x2  
  199  16:35  Protoss Shields Level 1  
  173  16:49  Zealot x5  
  173  16:50  Zealot x4  
  173  16:51  Zealot x3, Stalker  
  183  17:09  Gateway  
  183  17:13  Gateway  
  183  17:14  Stalker  
  183  17:15  Stalker x7  
  171  17:16  Stalker x6  
  171  17:17  Stalker x4  
  193  17:33  Gateway  
  193  17:35  Gateway  
  193  17:38  Gateway  
  193  17:39  Zealot x3  
  193  17:40  Gateway  
  199  17:51  Stalker x5  
  167  17:52  Stalker x6  
  167  17:53  Stalker x4  
  147  18:00  Stalker  
  147  18:01  Stalker x2  
  147  18:06  Stalker  
  147  18:08  Stalker  
  151  18:13  Gateway  
  151  18:14  Gateway  
  151  18:15  Gateway, Zealot x4  
  151  18:16  Zealot x5  
  151  18:17  Gateway, Zealot x4  
  151  18:18  Zealot x2  
  181  18:20  Gateway  
  181  18:21  Gateway  
  181  18:25  Stalker x2  
  181  18:26  Stalker  
  187  18:33  Stalker x4  
  187  18:34  Stalker  
  193  18:45  Zealot x3  
  189  18:55  Stalker x3  
  167  18:56  Stalker x5  
  167  18:57  Stalker x3  
  167  18:59  Zealot x6  
  167  19:00  Zealot x4  
  197  19:06  Zealot  
  193  19:24  Stalker  
  166  19:33  Stalker x4  
  166  19:34  Stalker x5  
  166  19:35  Stalker x6  
  166  19:36  Stalker x7  
  166  19:37  Stalker x3  
  166  19:38  Stalker  
  121  20:01  Stalker x5  
  121  20:02  Stalker x6  
  121  20:03  Stalker  
  143  20:13  Stalker x3  
  143  20:14  Stalker x2  
  139  20:15  Stalker  
  141  20:24  Stalker  
  141  20:25  Stalker x4  
  151  20:34  Stalker x2  
  151  20:35  Stalker x2  
  147  20:36  Stalker  
  147  20:39  Stalker  
  149  20:46  Stalker x4  
  149  20:49  Zealot  
  159  20:51  Zealot  
Show
View Real Time Build Order
Export as new Build Order

Inconel Terran - Winner!

Build Orders: Liberator Opening, Reaper Expand 

Get SALT Encoding   

  12  0:00  SCV  
  13  0:13  SCV  
  14  0:19  Supply Depot  
  14  0:25  SCV  
  15  0:40  SCV  
  15  0:42  Barracks  
  16  0:46  Refinery  
  16  0:52  SCV  
  17  1:04  SCV  
  18  1:17  SCV  
  19  1:34  Orbital Command, Reaper  
  20  1:43  Command Center  
  20  2:00  SCV  
  21  2:09  Factory, Supply Depot  
  21  2:14  SCV  
  23  2:17  Refinery  
  22  2:23  Barracks Reactor  
  22  2:29  SCV  
  23  2:36  Bunker  
  23  2:47  SCV  
  24  2:55  Orbital Command  
  26  2:58  Hellion  
  26  2:59  Marine x2  
  26  3:03  Starport  
  28  3:06  Engineering Bay  
  28  3:10  SCV  
  29  3:17  Marine x2  
  31  3:25  Factory Tech Lab  
  31  3:28  SCV  
  32  3:35  Marine x2  
  32  3:40  Liberator  
  37  3:44  SCV x2  
  39  3:51  Cyclone  
  39  3:53  Marine x2  
  44  4:03  Supply Depot  
  44  4:05  SCV x2  
  46  4:14  Marine, Barracks  
  46  4:24  Marine  
  46  4:25  SCV x2  
  46  4:26  Supply Depot  
  46  4:27  Starport Reactor  
  49  4:31  Marine  
  49  4:34  Barracks  
  50  4:42  Marine  
  51  4:47  Command Center  
  51  4:53  Marine  
  51  4:57  Terran Infantry Weapons Level 1  
  52  5:00  Marine  
  52  5:01  Siege Tank  
  52  5:02  SCV  
  57  5:07  SCV  
  57  5:14  SCV  
  59  5:24  Barracks Tech Lab x2  
  59  5:27  Barracks  
  59  5:28  Engineering Bay  
  59  5:29  SCV x2, Barracks  
  61  5:39  Medivac x2  
  62  5:44  Supply Depot  
  62  5:47  SCV x2  
  62  5:49  Stimpack  
  62  6:04  Combat Shield  
  62  6:11  Orbital Command  
  62  6:12  Refinery  
  62  6:13  SCV x2, Refinery  
  63  6:25  SCV  
  63  6:29  SCV  
  65  6:36  Barracks Reactor  
  65  6:37  Barracks Reactor  
  65  6:38  SCV  
  66  6:46  Terran Infantry Armor Level 1  
  66  6:48  Marine, Armory, Marauder  
  66  6:49  Marine x2  
  71  7:06  Marine  
  71  7:07  Marine  
  71  7:15  SCV x3  
  72  7:34  Medivac x2  
  72  7:35  Siege Tank  
  72  7:36  Marine x6  
  84  7:40  SCV, Ghost Academy  
  85  7:44  Supply Depot  
  85  7:45  Supply Depot  
  85  7:47  Command Center  
  85  7:49  Concussive Shells  
  85  7:51  SCV x2  
  84  7:52  SCV  
  84  7:53  Marine  
  84  7:54  Marine  
  84  8:06  Marine x2  
  84  8:07  Marine x3, Siege Tank  
  84  8:09  Terran Infantry Weapons Level 2  
  91  8:13  Terran Vehicle Weapons Level 1  
  86  8:30  Command Center  
  86  8:45  Barracks  
  86  8:48  Barracks  
  86  8:49  Factory, Barracks  
  86  8:51  Starport  
  86  8:52  SCV, Marauder  
  86  8:55  SCV, Marauder  
  86  9:01  Siege Tank  
  86  9:03  Marine x6  
  86  9:06  SCV  
  86  9:07  SCV  
  94  9:13  Marine  
  94  9:16  Marauder  
  97  9:17  Sensor Tower  
  97  9:18  SCV  
  97  9:20  Marine  
  97  9:21  Marine x2  
  95  9:28  Medivac x2  
  95  9:30  Marine  
  95  9:31  Marine  
  101  9:32  Marine  
  101  9:41  Marine x2, Siege Tank  
  106  9:48  SCV  
  106  9:49  SCV  
  108  9:55  Missile Turret  
  108  10:00  Marine x6  
  108  10:01  SCV x2  
  108  10:05  Supply Depot, Factory Tech Lab  
  108  10:06  Starport Reactor  
  116  10:08  Command Center  
  116  10:09  Fusion Core  
  116  10:11  Planetary Fortress  
  116  10:18  Refinery  
  116  10:26  Marine x2  
  116  10:27  SCV x2  
  117  10:40  SCV  
  117  10:41  Marine  
  109  10:44  Marine, Supply Depot  
  109  10:46  Supply Depot x2  
  109  10:55  Terran Infantry Armor Level 2, Terran Infantry Weapons Level 3  
  109  11:05  SCV, Marine x4, Siege Tank  
  109  11:07  Marine x4  
  109  11:08  SCV, Siege Tank  
  125  11:18  SCV, Caduceus Reactor  
  118  11:23  Marine x4  
  118  11:25  Marine x4  
  122  11:37  Medivac x2  
  122  11:38  Medivac x2  
  130  11:53  Siege Tank  
  133  12:03  Orbital Command  
  133  12:04  SCV x3, Command Center  
  136  12:11  Terran Vehicle Weapons Level 2  
  136  12:18  SCV x2  
  136  12:19  Marauder x2  
  145  12:22  Siege Tank  
  145  12:27  Missile Turret  
  144  12:31  Command Center  
  144  12:34  Marine  
  144  12:35  Marine x4  
  148  12:38  Refinery x2  
  148  12:41  Supply Depot x2  
  148  12:42  Advanced Ballistics  
  148  12:51  Marine  
  148  12:54  Marine x2  
  148  12:55  Marine  
  148  12:56  Marine, Marauder  
  148  12:57  Marine  
  147  13:00  Marauder  
  147  13:11  Marine  
  147  13:12  Marine x2  
  144  13:13  Marine  
  144  13:14  Liberator x3, Marine x2  
  144  13:18  Marauder  
  158  13:20  Marine  
  158  13:21  Command Center  
  159  13:29  Marine x2  
  159  13:33  Terran Infantry Armor Level 3  
  142  13:44  Marine x4, Marauder x2  
  142  13:47  Marine x2  
  149  13:54  Siege Tank x2  
  155  14:02  Marine x4  
  156  14:18  Marine  
  156  14:19  Marauder x2  
  156  14:21  Planetary Fortress  
  156  14:22  Neosteel Armor  
  156  14:31  Marine  
  156  14:32  Marine x4  
  156  14:34  Orbital Command  
  156  14:36  Marine  
  161  14:39  Marine  
  161  14:40  Marine  
  161  14:48  SCV x2  
  161  14:49  Marine  
  161  14:50  Marine x3  
  161  14:52  Marine  
  168  14:53  Orbital Command  
  168  14:54  Marine  
  168  14:57  Marine x2  
  168  15:05  Siege Tank x2  
  174  15:07  Marine x4  
  174  15:09  Marine  
  174  15:12  Marine  
  177  15:15  Marine x2  
  177  15:16  Liberator  
  177  15:17  Liberator x3  
  191  15:25  Command Center  
  190  15:40  Marine, Ghost x2  
  190  15:41  Marine x5  
  199  15:58  Supply Depot  
  199  15:59  Supply Depot  
  199  16:02  Hi-Sec Auto Tracking  
  199  16:08  Refinery  
  199  16:09  Refinery  
  199  16:19  Barracks Tech Lab  
  199  16:21  Barracks  
  199  16:22  Barracks  
  199  16:24  Barracks  
  199  16:25  Barracks  
  199  16:26  Barracks Tech Lab  
  199  16:28  Barracks Tech Lab  
  199  16:35  Starport  
  199  16:36  Starport  
  168  16:56  SCV  
  168  16:57  SCV x4, Marine  
  168  16:58  Marine x9  
  175  17:10  Barracks Tech Lab  
  175  17:11  Barracks Tech Lab x2  
  175  17:12  Barracks Tech Lab, Barracks  
  172  17:19  Barracks  
  172  17:31  Planetary Fortress  
  172  17:32  SCV x4  
  172  17:33  SCV x2  
  178  17:51  Command Center  
  166  17:52  Command Center  
  166  17:55  Starport Reactor x2  
  159  18:08  Barracks Reactor  
  159  18:09  Engineering Bay  
  159  18:10  Barracks Reactor  
  159  18:23  Liberator  
  159  18:24  Liberator x3, Command Center  
  171  18:27  Command Center  
  171  18:28  Marauder  
  171  18:29  Marauder x8  
  163  19:04  Marine x2  
  163  19:05  Marine x17  
  163  19:06  Liberator x4  
  194  19:11  SCV  
  194  19:12  SCV x4  
  194  19:13  Engineering Bay  
  194  19:14  Orbital Command x2  
  199  19:22  Marine  
  197  19:30  Engineering Bay  
  196  19:38  Marine x2, Marauder x9  
  197  19:39  Marine x2  
  194  19:48  Planetary Fortress  
  194  19:49  Liberator x2, Orbital Command  
  192  19:59  Marine, Marauder  
  179  20:00  Marine x17  
  186  20:15  Siege Tank x2  
  186  20:17  SCV x5, Marine  
  186  20:18  Marine x2  
  200  20:35  SCV x6  
Tags
 
Add a new tag
Caveats
  • Supply blocks, unpowered buildings, or Contaminate may cause inaccurate times.
  • Supply counts are checked every 10 seconds.